Map: Central Protocol

Players

Jagerbomber

  • Race: Zerg Zerg
  • League: Silver

MorN - Winner!

  • Race: Terran Terran
  • League: Diamond

VOD

Have the link to the VOD?

Description

Time

  • Played on: Nov. 15, 2015, 5:02 p.m.
  • Length: 5:09
Show
View Real Time Build Order
Export as new Build Order

Jagerbomber Zerg 

Build Orders: 3 Hatch before Pool 

Get SALT Encoding   

  12  0:07  Drone  
  13  0:17  Overlord  
  13  0:22  Drone  
  14  0:36  Drone x2  
  16  0:46  Drone  
  17  1:04  Drone x2  
  19  1:12  Drone  
  20  1:30  Hatchery  
  20  1:40  Drone x2  
  20  1:42  Hatchery  
  20  1:46  Extractor  
  19  1:51  Spawning Pool  
  18  1:58  Drone x2  
  20  2:13  Drone  
  21  2:18  Overlord  
  19  2:39  Queen  
  20  2:51  Zergling x8  
  21  2:59  Drone x2  
  21  3:01  Queen  
  24  3:09  Queen  
  25  3:20  Zergling x6  
  28  3:32  Drone x2  
  27  3:55  Roach Warren  
  24  4:05  Spine Crawler  
  24  4:08  Zergling x6  
  21  4:24  Evolution Chamber  
  21  4:30  Zergling x4  
  22  4:32  Zergling x2  
Show
View Real Time Build Order
Export as new Build Order

MorN Terran - Winner!

Build Orders: Liberator Opening, Reaper Expand 

Get SALT Encoding   

  12  0:01  SCV  
  13  0:13  SCV  
  14  0:17  Supply Depot  
  14  0:26  SCV  
  15  0:39  SCV  
  15  0:40  Barracks  
  16  0:44  Refinery  
  16  0:51  SCV  
  17  1:03  SCV  
  18  1:17  SCV  
  19  1:29  Reaper  
  20  1:33  Orbital Command  
  20  1:42  Command Center  
  20  1:48  Refinery  
  20  2:00  SCV  
  21  2:02  Supply Depot  
  21  2:10  Barracks Reactor  
  21  2:12  SCV  
  22  2:27  SCV  
  22  2:29  Factory  
  23  2:40  SCV  
  24  2:47  Marine x2  
  26  2:52  SCV  
  27  2:59  Orbital Command  
  27  3:05  SCV  
  28  3:17  SCV  
  28  3:20  Barracks Tech Lab, Starport  
  28  3:22  Hellion x2  
  28  3:25  SCV  
  33  3:29  SCV  
  33  3:30  Supply Depot  
  34  3:37  SCV  
  34  3:41  SCV, Liberator  
  36  3:43  Hellion x2, Marine  
  39  3:54  Supply Depot, SCV x2  
  44  4:06  SCV, Armory  
  44  4:07  SCV  
  45  4:18  SCV  
  45  4:19  SCV  
  47  4:25  Hellion x2, Marine  
  47  4:29  Supply Depot  
  47  4:30  SCV  
  53  4:35  SCV  
  54  4:42  SCV  
  58  4:47  SCV  
  63  4:53  Supply Depot  
Tags
 
Add a new tag
Caveats
  • Supply blocks, unpowered buildings, or Contaminate may cause inaccurate times.
  • Supply counts are checked every 10 seconds.